 Dungeon Crawl Stone Soup version 0.21-a0-426-g98080a9 (webtiles) character file.

28 slep the Skirmisher (level 3, -1/29 HPs)
             Began as a Demonspawn Abyssal Knight on Nov 7, 2017.
             Was a Follower of Lugonu.
             Slain by a hobgoblin (4 damage)
             ... on level 2 of the Dungeon.
             The game lasted 00:04:00 (757 turns).

slep the Skirmisher (Demonspawn Abyssal Knight)      Turns: 757, Time: 00:04:00

Health: -1/29      AC:  6    Str: 12    XL:     3   Next: 0%
Magic:  4/4        EV: 11    Int: 13    God:    Lugonu [*.....]
Gold:   58         SH:  0    Dex: 13    Spells: 2/2 levels left

rFire    . . .     SeeInvis .   a - +1 falchion
rCold    . . .     Gourm    .   (no shield)
rNeg     . . .     Faith    .   b - +0 leather armour
rPois    .         Spirit   .   (no helmet)
rElec    .         Reflect  .   (no cloak)
rCorr    .         Harm     .   k - +2 pair of gloves
MR       .....                  (no boots)
Stlth    +.........             h - amulet of inaccuracy (curse)
HPRegen  0.09/turn              (no ring)
MPRegen  0.09/turn              (no ring)

@: no status effects
A: demonic guardian 1
a: Depart the Abyss, Renounce Religion


You were on level 2 of the Dungeon.
You worshipped Lugonu.
Lugonu was aware of your devotion.
You were not hungry.

You visited 1 branch of the dungeon, and saw 2 of its levels.
You visited the Abyss 1 time.

You collected 58 gold pieces.

Inventory:

Hand Weapons
 a - a +1 falchion (weapon)
Armour
 b - a +0 leather armour (worn)
 k - a +2 pair of gloves (worn)
Jewellery
 h - a cursed amulet of inaccuracy (around neck)
Scrolls
 f - a scroll of recharging {unknown}
 g - a scroll of fog {unknown}
 j - a scroll of immolation {unknown}
 l - a scroll of noise {unknown}
Potions
 d - a potion of magic {unknown}
 e - a potion of curing {unknown}
 i - a potion of might {unknown}
Comestibles
 c - a bread ration


   Skills:
 + Level 3.6 Fighting
 + Level 2.2 Long Blades
 + Level 2.2 Armour
 + Level 0.8 Dodging
 + Level 2.4 Invocations


You had 2 spell levels left.
You didn't know any spells.

Dungeon Overview and Level Annotations

Branches:
Dungeon (2/15)

Altars:
Makhleb


Innate Abilities, Weirdness & Mutations

A weak demonic guardian rushes to your aid.


Message History

Your experience leads to an increase in your attributes!
Increase (S)trength, (I)ntelligence, or (D)exterity?
You feel agile.
You hit the hobgoblin.
The hobgoblin is moderately wounded.
The hobgoblin hits you but does no damage.
The hobgoblin hits you.
* * * LOW HITPOINT WARNING * * *
A rat comes into view.
You barely miss the hobgoblin.
The hobgoblin is moderately wounded.
The hobgoblin hits you.
* * * LOW HITPOINT WARNING * * *
You miss the hobgoblin.
The hobgoblin is moderately wounded.
The hobgoblin closely misses you.
You miss the hobgoblin.
The hobgoblin is moderately wounded.
The hobgoblin hits you.
You die...

########
#......##############
#.............)......
#....................
###......#.....@g..r...
#........+.....#.......
#........#<.##.#.#####.
#....#.#.(.....#.#
#....#.#.###.###.#
#..)...#.#.....#.#
#####._.#.#.#...#.#
.............>..#!#
........#.####..#


You could see a hobgoblin and a rat.

Vanquished Creatures
  A leopard gecko (D:2)
  2 giant cockroaches (D:1)
  6 goblins
  4 hobgoblins (D:1)
  2 jackals (D:1)
  A quokka (D:2)
  3 bats
  2 kobolds (D:1)
  3 rats
24 creatures vanquished.

Notes
Turn   | Place    | Note
-------+----------+-------------------------------------------
     0 | Abyss:1  | slep the Demonspawn Abyssal Knight began the quest for the Orb.
     0 | Abyss:1  | Reached XP level 1. HP: 18/18 MP: 2/2
    29 | Abyss:1  | Noticed an ancient zyme
    53 | Abyss:1  | Noticed a small abomination
    71 | D:1      | Escaped the Abyss
   177 | D:1      | Gained mutation: A weak demonic guardian rushes to your aid. [demonic ancestry]
   177 | D:1      | Reached XP level 2. HP: 24/24 MP: 3/3
   681 | D:2      | Found a burning altar of Makhleb.
   753 | D:2      | Reached XP level 3. HP: 11/29 MP: 4/4
   757 | D:2      | Slain by a hobgoblin

Vault maps used:
D:1:      ncdulo_halloftheorcs
D:2:      bloody_makhleb, old_standard_altar, chequers_ecumenical_altar_simple

Skill      XL: |  1  2 |
---------------+-------+-----
Armour         | 2 |  2.2
Long Blades    | 2 |  2.2
Fighting       | |  3.6
Dodging        | |  0.8
Invocations    | |  2.4

Action                   || total
-------------------------++-------
Melee: Falchion          ||    90
Armor: Leather armour    ||    24
Dodge: Dodged            ||    59
       Rpst.: Falchion   ||    18

Table legend:
 A = Spawn XP
 B = Non-spawn XP
 C = Spawn XP percentage of total XP
 D = Spawn monster count
 E = Non-spawn monster count
 F = Spawn count percentage of total count
 G = Total turns spent on level
                    A         B        C        D         E        F      G
               +---------+---------+-------+---------+---------+-------+---------
         Total |       0 |      41 |   0.0 |       0 |      24 |   0.0 |   757
               +---------+---------+-------+---------+---------+-------+---------
           D:1 |       0 |      28 |   0.0 |       0 |      16 |   0.0 |   602
           D:2 |       0 |      13 |   0.0 |       0 |       8 |   0.0 |    84
               +---------+---------+-------+---------+---------+-------+---------
